 Dungeon Crawl Stone Soup version 0.17.1-3-g152610e (webtiles) character file.

461 Stendarr the Firebug (level 6, 35/55 HPs)
             Began as a Troll Fire Elementalist on Apr 9, 2016.
             Quit the game on level 6 of the Dungeon.
             The game lasted 00:15:56 (4058 turns).

Stendarr the Firebug (Troll Fire Elementalist)      Turns: 4058, Time: 00:15:56

Health: 35/55      AC:  5    Str: 17    XL:     6   Next: 79%
Magic:  2/6        EV:  1    Int: 13    God:
Gold:   357        SH:  0    Dex: -1 (10) Spells: 2 memorised, 3 levels left

rFire  . . .     SeeInvis .     v - +0 short sword (speed)
rCold  . . .     Clarity  .     a - +0 robe
rNeg   . . .     SustAt   .     (no shield)
rPois  .         Gourm    +     (helmet restricted)
rElec  .         Spirit   .     (no cloak)
rCorr  .         Warding  .     (gloves unavailable)
rMut   .         Stasis   .     (boots unavailable)
MR     +....                    n - amulet of the gourmand
Stlth  ..........               (no ring)
                                w - ring of protection from magic

@: slowed, lost dexterity, drained, very slow, somewhat resistant to hostile
enchantments, extremely unstealthy
A: unfitting armour, claws 3, fast metabolism 3, gourmand, regeneration 2,
shaggy fur 1, tough skin 2
a: no special abilities


You were on level 6 of the Dungeon.
You were not hungry.

You visited 1 branch of the dungeon, and saw 6 of its levels.

You collected 357 gold pieces.

Inventory:

Hand Weapons
 l - a +0 trident
 v - a +0 short sword of speed (weapon)
Armour
 a - a +0 robe (worn)
Jewellery
 n - an amulet of the gourmand (around neck)
 w - a ring of protection from magic (left claw)
Scrolls
 e - 3 scrolls of teleportation
 f - a scroll of enchant armour {unknown}
 g - 3 scrolls of fear
 j - 3 scrolls of remove curse {unknown}
 o - 3 scrolls of recharging {unknown}
 q - a scroll of blinking {unknown}
 t - a scroll of amnesia {unknown}
Potions
 d - a potion of curing
 h - a potion of resistance {unknown}
 k - a potion of heal wounds {unknown}
 p - a potion of haste
 r - 2 potions of lignification
 s - 2 potions of mutation {unknown}
 u - a potion of cancellation {unknown}
Books
 b - a book of Flames

   Spells                             Type                      Level
   a - Flame Tongue                   Conjuration/Fire             1
   b - Throw Flame                    Conjuration/Fire             2
   c - Conjure Flame                  Conjuration/Fire             3
   d - Inner Flame                    Hexes/Fire                   3
   e - Sticky Flame                   Conjuration/Fire             4
   f - Fireball                       Conjuration/Fire             5
Comestibles
 c - 3 bread rations
 i - a beef jerky
 m - 2 meat rations


   Skills:
 - Level 1.0(0.4) Fighting
 - Level 0.2(0.0) Polearms
 - Level 3.0(2.4) Dodging
 - Level 1.5(0.9) Stealth
 - Level 0.6(0.0) Unarmed Combat
 - Level 1.2(0.7) Spellcasting
 * Level 3.3(2.7) Conjurations
 + Level 3.4(2.8) Fire Magic


You had 3 spell levels left.
You knew the following spells:

 Your Spells              Type           Power        Failure   Level  Hunger
a - Flame Tongue          Conj/Fire      #....        12%         1    ##.....
b - Conjure Flame         Conj/Fire      #.......     34%         3    ####...


Dungeon Overview and Level Annotations

Branches:
Dungeon (6/15)
 Temple: D:4-7

Altars:
Okawaru
Trog
Zin

Annotations:
D:2 Sigmund
D:3 ThereIsNoGod's ghost, amateur MiFi
D:5 Sl000nik's ghost, novice DDFi


Innate Abilities, Weirdness & Mutations

You are too large for most types of armour.
You have claws for hands.
Your metabolism is lightning-fast.
You like to eat raw meat.
You heal very quickly.
You are covered in fur (AC +1).
You have very tough skin (AC +2).


Message History

Press: ? - help, Shift-Dir - straight line, f/p - wight
Aim: a wight, wielding an enchanted dagger and wearing a robe (lightly damaged)
The flame tongue hits the wight.
The wight is lightly damaged.
The wight hits you with an enchanted dagger.
You feel drained.
Casting: Flame Tongue
Confirm with . or Enter, or press ? or * to list all spells.
Aiming: Flame Tongue
Press: ? - help, Shift-Dir - straight line, f/p - wight
Aim: a wight, wielding an enchanted dagger and wearing a robe (lightly damaged)
The flame tongue hits the wight.
The wight appears unharmed.
The wight is lightly damaged.
The wight hits you but does no damage. x2
Sorry, you're not good enough to have a special ability.
Firing (i - inventory): No suitable missiles.
Press: ? - help, Shift-Dir - straight line, f/p - wight
Aim: a wight, wielding an enchanted dagger and wearing a robe (lightly damaged)
Okay, then.
Are you sure you want to abandon this character and quit the game? (Confirm with "yes".)

#######.#
#####..[....#
#....z....z..
#z# #z#
####+###@####
............#
..........#.#.#
..........#.#.#
..........#.#.#
..........#.#.#
##+#+###..#.#.#
.#......#.#.#
#....##.##.#.#


You could see 3 wights.

Vanquished Creatures
  A scorpion (D:5)
  A quasit (D:4)
  3 orc wizards (D:5)
  Jessica (D:3)
  Terence (D:3)
  An iguana (D:4)
  4 worker ants (D:5)
  5 adders
  3 worms
  3 giant geckos
  6 orcs
  5 bats
  5 giant cockroaches
  5 hobgoblins
  A ball python (D:4)
  3 giant newts
  3 goblins
  9 jackals (D:1)
  4 kobolds
  A quokka skeleton (D:4)
  5 rats
  A fungus (D:5)
71 creatures vanquished.

Notes
Turn   | Place    | Note
--------------------------------------------------------------
     0 | D:1      | Stendarr the Troll Fire Elementalist began the quest for the Orb.
     0 | D:1      | Reached XP level 1. HP: 16/16 MP: 1/1
   198 | D:1      | Reached XP level 2. HP: 24/24 MP: 2/2
  1231 | D:2      | Reached XP level 3. HP: 25/31 MP: 0/3
  1300 | D:2      | Noticed Sigmund
  1658 | D:3      | Noticed ThereIsNoGod's ghost (amateur MiFi)
  1915 | D:3      | Found a bloodstained altar of Trog.
  1993 | D:3      | Noticed Terence
  2049 | D:3      | Killed Terence
  2049 | D:3      | Reached XP level 4. HP: 33/40 MP: 4/4
  2146 | D:3      | Noticed Jessica
  2159 | D:3      | Killed Jessica
  2236 | D:3      | Reached skill level 3 in Dodging
  2292 | D:3      | Reached skill level 1 in Fighting
  2609 | D:4      | Found a glowing silver altar of Zin.
  2687 | D:4      | Reached skill level 1 in Conjurations
  2687 | D:4      | Reached XP level 5. HP: 29/48 MP: 5/5
  3149 | D:4      | Learned a level 3 spell: Conjure Flame
  3196 | D:5      | Entered Level 5 of the Dungeon
  3279 | D:5      | Noticed an ice beast
  3281 | D:5      | Noticed Sl000nik's ghost (novice DDFi)
  3420 | D:5      | Reached XP level 6. HP: 51/55 MP: 0/6
  3635 | D:5      | Found an iron altar of Okawaru.
  3721 | D:4      | Lost dexterity.
  4058 | D:6      | Quit the game

Action                   |  1- 3 |  4- 6 || total
-------------------------+-------+-------++-------
Melee: Unarmed           |   135 |   147 ||   282
       Trident           |     2 |       ||     2
       Short sword       |       |    57 ||    57
 Cast: Flame Tongue      |     5 |    54 ||    59
  Use: Scroll            |       |     3 ||     3
       Potion            |       |     3 ||     3
 Stab: Sleeping          |     4 |     3 ||     7
  Eat: Chunk             |    20 |    19 ||    39
